 Dungeon Sprint DCSS version 0.26-a0-30-g56b8cd3df0 (webtiles) character file.

Game seed: 2860733576464386368, levelgen mode: deterministic

1484 Apogee the Bludgeoner (level 8, -2/123 HPs)
             Began as a Minotaur Berserker on June 2, 2020.
             Was an Elder of Trog.
             Slain by a demonic crawler (3 damage)
             ... in the Dungeon (Sprint I: "Red Sonja").
             The game lasted 00:02:32 (449 turns).

Apogee the Bludgeoner (Minotaur Berserker)           Turns: 449, Time: 00:02:32

Health: -2/123     AC:  8    Str: 23    XL:     8   Next: 50%
Magic:  7/7        EV: 11    Int:  4    God:    Trog [****..]
Gold:   405        SH:  0    Dex: 11    Spells: 7/7 levels left

rFire    . . .     SeeInvis .   a - +0 mace
rCold    . . .     Gourm    .   (no shield)
rNeg     . . .     Faith    .   j - +0 scale mail
rPois    .         Spirit   .   (helmet restricted)
rElec    .         Reflect  .   (no cloak)
rCorr    .         Harm     .   (no gloves)
MR       .....     NoTele   +   (no boots)
Stlth    ..........             (no amulet)
HPRegen  0.30/turn              (no ring)
MPRegen  0.10/turn              (no ring)

@: berserking, hasted, very quick
A: retaliatory headbutt, horns 2
a: Berserk, Trog's Hand, Brothers in Arms, Renounce Religion


You were in the Dungeon.
You worshipped Trog.
Trog was greatly pleased with you.
You were not hungry.

You visited 1 branch You collected 405 gold pieces.

Inventory:

Hand Weapons
 a - a +0 mace (weapon)
Armour
 b - a +0 animal skin
 j - a +0 scale mail (worn)
Wands
 k - a wand of random effects (12)
Scrolls
 i - a scroll of blinking {!r}
 l - a scroll of identify {unknown}
 m - a scroll of remove curse {unknown}
Potions
 d - a potion of curing
 e - a potion of heal wounds
 f - a potion of haste
 g - 2 potions of magic
 h - 2 potions of berserk rage {!q}
Comestibles
 c - a ration


   Skills:
 + Level 11.0 Fighting
 - Level 16.5 Maces & Flails
 + Level 10.7 Armour
 - Level 2.1 Dodging


You had 7 spell levels left.
You didn't know any spells.
Your spell library was empty.

Dungeon Overview and Level Annotations

Branches:
Dungeon (1/1)

Altars:
Cheibriados
Dithmenos
Elyvilon
Fedhas
Hepliaklqana
Kikubaaqudgha
Makhleb
Okawaru
Qazlal
Ru
Sif Muna
Trog
Uskayaw
Vehumet
Wu Jian
Xom
Yredelemnul
Zin
The Shining One
Jiyva
Lugonu

Shops:
D [

Annotations:
D exclusion: door


Innate Abilities, Weirdness & Mutations

You reflexively headbutt those who attack you in melee.
You have a pair of horns on your head.


Message History

You kill the demonic crawler!
Trog accepts your kill.
Your Fighting skill increases to level 11!
Your Armour skill increases to level 10!
The demonic crawler barely misses you. The demonic crawler closely misses you.
The demonic crawler hits you.
* * * LOW HITPOINT WARNING * * *
You hit the demonic crawler.
The demonic crawler is lightly wounded.
You thump the demonic crawler!
The demonic crawler is moderately wounded.
The demonic crawler hits you but does no damage.
The demonic crawler hits you.
* * * LOW HITPOINT WARNING * * *
The demonic crawler barely misses you. The demonic crawler hits you.
* * * LOW HITPOINT WARNING * * *
The demonic crawler hits you but does no damage. x2
Unknown command.
The demonic crawler hits you.
You die...

##########################
#<.#..)..#..'..#_s#..')..#
#..').#..').#..'@.s..#)..#
#..#####'#####'#_s####...'..#
#..# #..#...#.####§§#####..+
#..#__####..##.#≈≈§§c# +##
#..#_____##'#_.+≈≈§§.+
#⌠⌠#_.∩...'..._#§§§.c#
####_..__##_.#'##+# ## ___
##+#.# # ###


You could see 3 demonic crawlers.

Vanquished Creatures
  2 kobold demonologists (D)
  A demonic crawler (D)
  A slime creature (D)
  Sigmund (D)
  A yak (D)
  A floating eye (D)
  An ogre (D)
  A jelly (D)
  Ijyb (D)
10 creatures vanquished.

Vanquished Creatures (others)
  2 hornets (D)
2 creatures vanquished.

Grand Total: 12 creatures vanquished

Notes
Turn   | Place    | Note
-------+----------+-------------------------------------------
     0 | D        | Apogee the Minotaur Berserker began the quest for the Orb.
     0 | D        | Reached XP level 1. HP: 19/19 MP: 0/0
     1 | D        | Noticed Ijyb
     8 | D        | Killed Ijyb
     8 | D        | Reached skill level 8 in Maces & Flails
     8 | D        | Reached XP level 2. HP: 26/26 MP: 1/1
    56 | D        | Noticed an ogre
    61 | D        | Killed an ogre
    61 | D        | Reached skill level 11 in Maces & Flails
    61 | D        | Reached XP level 3. HP: 20/31 MP: 2/2
    61 | D        | Reached XP level 4. HP: 25/39 MP: 3/3
   218 | D        | Noticed Sigmund
   223 | D        | Killed Sigmund
   223 | D        | Reached ** piety under Trog
   223 | D        | Reached skill level 14 in Maces & Flails
   223 | D        | Reached XP level 5. HP: 45/45 MP: 4/4
   223 | D        | Reached XP level 6. HP: 51/51 MP: 5/5
   266 | D        | Found a burning altar of Makhleb.
   266 | D        | Found a viscous altar of Jiyva.
   266 | D        | Found a shimmering altar of Xom.
   266 | D        | Found a corrupted altar of Lugonu.
   266 | D        | Noticed a slime creature
   272 | D        | Killed a slime creature
   272 | D        | Reached skill level 16 in Maces & Flails
   274 | D        | Found an ornate altar of the Wu Jian Council.
   274 | D        | Found a shimmering blue altar of Sif Muna.
   276 | D        | Found a radiant altar of Vehumet.
   301 | D        | Found Pachyew's Armour Emporium.
   301 | D        | Found an ancient bone altar of Kikubaaqudgha.
   301 | D        | Found a hazy altar of Hepliaklqana.
   301 | D        | Found a stormy altar of Qazlal.
   301 | D        | Found a hide-covered altar of Uskayaw.
   301 | D        | Found a blossoming altar of Fedhas.
   301 | D        | Found a bloodstained altar of Trog.
   301 | D        | Found an iron altar of Okawaru.
   301 | D        | Found a basalt altar of Yredelemnul.
   301 | D        | Found a glowing golden altar of the Shining One.
   301 | D        | Found a snail-covered altar of Cheibriados.
   301 | D        | Found a sacrificial altar of Ru.
   301 | D        | Found a glowing silver altar of Zin.
   301 | D        | Found a shadowy altar of Dithmenos.
   301 | D        | Found a white marble altar of Elyvilon.
   301 | D        | Noticed a yak
   309 | D        | Killed a yak
   309 | D        | Reached *** piety under Trog
   309 | D        | Reached skill level 5 in Armour
   309 | D        | Reached XP level 7. HP: 44/64 MP: 6/6
   320 | D        | Noticed a centaur warrior
   320 | D        | Noticed a centaur warrior
   394 | D        | Noticed a kobold demonologist
   394 | D        | Noticed a kobold demonologist
   397 | D        | Noticed a ynoxinul
   399 | D        | Noticed a hellwing
   402 | D        | Killed a kobold demonologist
   407 | D        | Noticed a chaos spawn
   408 | D        | Killed a kobold demonologist
   408 | D        | Reached **** piety under Trog
   408 | D        | Reached skill level 10 in Fighting
   408 | D        | Reached XP level 8. HP: 79/79 MP: 7/7
   413 | D        | Killed a hornet
   414 | D        | Killed a hornet
   429 | D        | Noticed a demonic crawler
   429 | D        | Noticed a demonic crawler
   429 | D        | Noticed a demonic crawler
   429 | D        | Noticed a demonic crawler
   446 | D        | Killed a demonic crawler
   446 | D        | Reached skill level 10 in Armour
   448 | D        | HP: 4/123 [demonic crawler (3)]
   448 | D        | HP: 1/123 [demonic crawler (3)]
   449 | D        | Slain by a demonic crawler

Illustrated notes

Levels and vault maps discovered:
D:        dungeon_sprint_1 [red_sonja_temple_1, red_sonja_temple_small_1]

Skill      XL: |  1  2  3  4  5  6  7  8 |
---------------+-------------------------+-----
Maces & Flails | 8 11 14 16 | 16.5
Fighting       | 6 10 11 | 11.0
Armour         | 5 9 10 | 10.7
Dodging        | |  2.1

Action                   |  1- 3 |  4- 6 |  7- 9 || total
-------------------------+-------+-------+-------++-------
Melee: Mace              |     9 |    18 |    22 ||    49
       Headbutt          |     3 |     8 |     4 ||    15
Invok: Berserk           |     2 |     1 |     2 ||     5
  Use: Potion            |       |       |     1 ||     1
  Eat: Ration            |       |       |     1 ||     1
Armor: Animal skin       |     2 |       |       ||     2
       Scale mail        |       |       |    10 ||    10
Dodge: Dodged            |       |     5 |    21 ||    26

Table legend:
 A = Non-vault XP
 B = Vault XP
 C = Vault XP percentage of total XP
 D = Non-vault monster count
 E = Vault monster count
 F = Vault count percentage of total count
                 A         B        C        D         E       F
            +---------+---------+-------+---------+---------+-------
      Total |       0 |    2121 | 100.0 |       0 |      10 | 100.0
            +---------+---------+-------+---------+---------+-------
          D |       0 |    2121 | 100.0 |       0 |      10 | 100.0
            +---------+---------+-------+---------+---------+-------
